TOP OF THE 1ST |
Cincinnati (NYP) Reds batting - Pitching for Eugene Emeralds : LHP Colin Scott
|
Pitching: LHP Colin Scott
|
|
Batting: RHB Marcus Carter
|
0-0: Swinging Strike 0-1: Ball 1-1: Ball 2-1: Ball 3-1: Ground out 6-3 (Groundball, 6, EV 106.9 MPH)
|
Batting: RHB Felipe Pineda
|
0-0: Swinging Strike 0-1: Called Strike 0-2: Ball 1-2: Strikes out swinging
|
Batting: SHB Bryan Johnston
|
0-0: Foul Ball, location: 2F 0-1: Ball 1-1: Ground out 6-3 (Groundball, 6, EV 76.3 MPH)
|
Top of the 1st over - 0 runs, 0 hits, 0 errors, 0 left on base; Cincinnati (NYP) 0 - Eugene 0 |
BOTTOM OF THE 1ST |
Eugene Emeralds batting - Pitching for Cincinnati (NYP) Reds : RHP Hideki Kobayashi
|
Pitching: RHP Hideki Kobayashi
|
|
Batting: RHB David Barnard
|
0-0: Called Strike 0-1: Swinging Strike 0-2: Ground out U3 (Groundball, 34, EV 87.5 MPH)
|
Batting: LHB Kwang-chih Men
|
0-0: Ball 1-0: Ball 2-0: Ball 3-0: Called Strike 3-1: Foul Ball, location: 2F 3-2: Strikes out looking
|
Batting: RHB Francisco Ramirez
|
0-0: Swinging Strike 0-1: Swinging Strike 0-2: Ball 1-2: Strikes out swinging
|
Bottom of the 1st over - 0 runs, 0 hits, 0 errors, 0 left on base; Cincinnati (NYP) 0 - Eugene 0 |
TOP OF THE 2ND |
Cincinnati (NYP) Reds batting - Pitching for Eugene Emeralds : LHP Colin Scott
|
Batting: RHB Steve Anderson
|
0-0: Called Strike 0-1: Swinging Strike 0-2: Foul Ball, location: 2F 0-2: Strikes out looking
|
Batting: RHB Kagetoki Kawai
|
0-0: Ball 1-0: Fly out, F7 (Flyball, 7, EV 92.5 MPH)
|
Batting: RHB Bill Hainey
|
0-0: Ball 1-0: Ball 2-0: Ball 3-0: Base on Balls
|
Batting: RHB Alex Cruz
|
0-0: Called Strike 0-1: Ball 1-1: Swinging Strike 1-2: Ball 2-2: SINGLE (Line Drive, 34, EV 95.0 MPH) Bill Hainey to second
|
Batting: RHB Jon Conklin
|
0-0: Swinging Strike 0-1: Ball 1-1: Called Strike 1-2: Ball Wild Pitch! Bill Hainey to third Alex Cruz to second 2-2: Strikes out swinging
|
Top of the 2nd over - 0 runs, 1 hit, 0 errors, 2 left on base; Cincinnati (NYP) 0 - Eugene 0 |
BOTTOM OF THE 2ND |
Eugene Emeralds batting - Pitching for Cincinnati (NYP) Reds : RHP Hideki Kobayashi
|
Batting: RHB Jonathan Sotelo
|
0-0: Ground out 5-3 (Groundball, 5, EV 79.4 MPH)
|
Batting: RHB Ryan Walker
|
0-0: Called Strike 0-1: Swinging Strike 0-2: Strikes out swinging
|
Batting: RHB Dylan Burke
|
0-0: Called Strike 0-1: Foul Ball, location: 2F 0-2: Ball 1-2: Ball 2-2: DOUBLE (Flyball, 8RD, EV 88.8 MPH)
|
Batting: SHB Bob Hamilton
|
0-0: Called Strike 0-1: SINGLE (Groundball, 6MD, EV 103.8 MPH) Dylan Burke to third Runner from 3rd tries for Home, SAFE, throw by CF to home Bob Hamilton to second
|
Batting: RHB Frank McArdle
|
0-0: Called Strike 0-1: Called Strike 0-2: Ball 1-2: Ball 2-2: Ground out 5-3 (Groundball, 56S, EV 70.0 MPH)
|
Bottom of the 2nd over - 1 run, 2 hits, 0 errors, 1 left on base; Cincinnati (NYP) 0 - Eugene 1 |
TOP OF THE 3RD |
Cincinnati (NYP) Reds batting - Pitching for Eugene Emeralds : LHP Colin Scott
|
Batting: RHB Chae-seong Lee
|
0-0: Foul Ball, location: 2F 0-1: Ground out 1-3 (Groundball, 15S, EV 65.6 MPH)
|
Batting: RHB Marcus Carter
|
0-0: Ball 1-0: Called Strike 1-1: Ball 2-1: Ball 3-1: Base on Balls
|
Batting: RHB Felipe Pineda
|
0-0: Ball Marcus Carter is caught stealing 2nd base 2-4 1-0: Ball 2-0: Ground out U3 (Groundball, 34, EV 103.8 MPH)
|
Top of the 3rd over - 0 runs, 0 hits, 0 errors, 0 left on base; Cincinnati (NYP) 0 - Eugene 1 |
BOTTOM OF THE 3RD |
Eugene Emeralds batting - Pitching for Cincinnati (NYP) Reds : RHP Hideki Kobayashi
|
Batting: RHB Ricky Lule
|
0-0: Ball 1-0: DOUBLE (Groundball, 5L, EV 101.3 MPH)
|
Batting: RHB David Barnard
|
0-0: Called Strike 0-1: Hit by Pitch
|
Batting: LHB Kwang-chih Men
|
0-0: Swinging Strike 0-1: Fielders Choice at 2nd, 4-6 (Groundball, 34, EV 106.9 MPH) Ricky Lule to third
|
Batting: RHB Francisco Ramirez
|
0-0: Ball 1-0: Fly out, F7 (Flyball, 7LM, EV 90.6 MPH) Runner from 3rd tags up, SCORES, throw by LF
|
Batting: RHB Jonathan Sotelo
|
0-0: Fly out, F7 (Flyball, 7S, EV 77.5 MPH)
|
Bottom of the 3rd over - 1 run, 1 hit, 0 errors, 1 left on base; Cincinnati (NYP) 0 - Eugene 2 |
TOP OF THE 4TH |
Cincinnati (NYP) Reds batting - Pitching for Eugene Emeralds : LHP Colin Scott
|
Batting: SHB Bryan Johnston
|
0-0: Called Strike 0-1: Called Strike 0-2: Foul Ball, location: 2F 0-2: Ball 1-2: Strikes out swinging
|
Batting: RHB Steve Anderson
|
0-0: Ball 1-0: Swinging Strike 1-1: Foul Ball, location: 2F 1-2: Strikes out swinging
|
Batting: RHB Kagetoki Kawai
|
0-0: Called Strike 0-1: Foul Ball, location: 2F 0-2: Strikes out swinging
|
Top of the 4th over - 0 runs, 0 hits, 0 errors, 0 left on base; Cincinnati (NYP) 0 - Eugene 2 |
BOTTOM OF THE 4TH |
Eugene Emeralds batting - Pitching for Cincinnati (NYP) Reds : RHP Hideki Kobayashi
|
Batting: RHB Ryan Walker
|
0-0: Called Strike 0-1: Foul Ball, location: 2F 0-2: Ball 1-2: Ball 2-2: Foul Ball, location: 2F 2-2: SINGLE (Line Drive, 7LS, EV 110.0 MPH)
|
Batting: RHB Dylan Burke
|
0-0: Called Strike 0-1: Foul Ball, location: 2F 0-2: Grounds into double play, 6-4-3 (Groundball, 6MD, EV 103.1 MPH)
|
Batting: SHB Bob Hamilton
|
0-0: Swinging Strike 0-1: Ball 1-1: Ball 2-1: Swinging Strike 2-2: Ground out 1-3 (Groundball, 15S, EV 63.1 MPH)
|
Bottom of the 4th over - 0 runs, 1 hit, 0 errors, 0 left on base; Cincinnati (NYP) 0 - Eugene 2 |
TOP OF THE 5TH |
Cincinnati (NYP) Reds batting - Pitching for Eugene Emeralds : LHP Colin Scott
|
Batting: RHB Bill Hainey
|
0-0: Ball 1-0: Swinging Strike 1-1: Ball 2-1: SINGLE (Groundball, 6D, EV 103.1 MPH)
|
Batting: RHB Alex Cruz
|
0-0: Ball 1-0: Grounds into double play, 5-4-3 (Groundball, 56, EV 80.0 MPH)
|
Batting: RHB Jon Conklin
|
0-0: Ball 1-0: Ball 2-0: Ball 3-0: Called Strike 3-1: Called Strike 3-2: Foul Ball, location: 2F 3-2: Base on Balls
|
Batting: RHB Chae-seong Lee
|
0-0: Called Strike 0-1: Swinging Strike 0-2: Ball 1-2: Foul Ball, location: 2F 1-2: Ground out 1-3 (Groundball, 15S, EV 69.4 MPH)
|
Top of the 5th over - 0 runs, 1 hit, 0 errors, 1 left on base; Cincinnati (NYP) 0 - Eugene 2 |
BOTTOM OF THE 5TH |
Eugene Emeralds batting - Pitching for Cincinnati (NYP) Reds : RHP Hideki Kobayashi
|
Batting: RHB Frank McArdle
|
0-0: Called Strike 0-1: Foul Ball, location: 2F 0-2: Strikes out swinging
|
Batting: RHB Ricky Lule
|
0-0: Ball 1-0: Called Strike 1-1: Called Strike 1-2: Ball 2-2: Ball 3-2: Foul Ball, location: 2F 3-2: Strikes out swinging
|
Batting: RHB David Barnard
|
0-0: Called Strike 0-1: Ground out 4-3 (Groundball, 4M, EV 81.3 MPH)
|
Bottom of the 5th over - 0 runs, 0 hits, 0 errors, 0 left on base; Cincinnati (NYP) 0 - Eugene 2 |
TOP OF THE 6TH |
Cincinnati (NYP) Reds batting - Pitching for Eugene Emeralds : LHP Colin Scott
|
Batting: RHB Marcus Carter
|
0-0: Called Strike 0-1: Ball 1-1: Ball 2-1: Ball 3-1: TRIPLE (Flyball, 78XD, EV 104.4 MPH)
|
Batting: RHB Felipe Pineda
|
0-0: Called Strike 0-1: Swinging Strike 0-2: Ball 1-2: Foul Ball, location: 2F 1-2: Ball 2-2: DOUBLE (Line Drive, 3D, EV 96.9 MPH) Marcus Carter scores
|
Batting: SHB Bryan Johnston
|
0-0: Foul Ball, location: 2F 0-1: Swinging Strike 0-2: SINGLE (Line Drive, 34, EV 104.4 MPH) Felipe Pineda to third
|
Batting: RHB Steve Anderson
|
0-0: Called Strike 0-1: Ball Bryan Johnston steals 2nd base 1-1: Swinging Strike 1-2: Strikes out looking
|
Batting: RHB Kagetoki Kawai
|
0-0: Called Strike 0-1: Foul Ball, location: 2F 0-2: Ball 1-2: Strikes out swinging
|
Batting: RHB Bill Hainey
|
0-0: Called Strike 0-1: Ball 1-1: Ground out 5-3 (Groundball, 56, EV 85.6 MPH)
|
Top of the 6th over - 1 run, 3 hits, 0 errors, 2 left on base; Cincinnati (NYP) 1 - Eugene 2 |
BOTTOM OF THE 6TH |
Eugene Emeralds batting - Pitching for Cincinnati (NYP) Reds : RHP Hideki Kobayashi
|
Batting: LHB Kwang-chih Men
|
0-0: Swinging Strike 0-1: Called Strike 0-2: Ground out U3 (Groundball, 3S, EV 85.6 MPH)
|
Batting: RHB Francisco Ramirez
|
0-0: Called Strike 0-1: Swinging Strike 0-2: Ball 1-2: Foul Ball, location: 2F 1-2: Ball 2-2: Strikes out looking
|
Batting: RHB Jonathan Sotelo
|
0-0: Ball 1-0: Called Strike 1-1: Swinging Strike 1-2: Fly out, F8 (Flyball, 8RS, EV 93.8 MPH)
|
Bottom of the 6th over - 0 runs, 0 hits, 0 errors, 0 left on base; Cincinnati (NYP) 1 - Eugene 2 |
TOP OF THE 7TH |
Cincinnati (NYP) Reds batting - Pitching for Eugene Emeralds : LHP Colin Scott
|
Pitching: LHP Mike Alexander
|
|
Batting: RHB Alex Cruz
|
0-0: Swinging Strike 0-1: Called Strike 0-2: Ball 1-2: Strikes out swinging
|
Batting: RHB Jon Conklin
|
0-0: Ball 1-0: Called Strike 1-1: Swinging Strike 1-2: Foul Ball, location: 2F 1-2: Ball 2-2: Foul Ball, location: 2F 2-2: Strikes out swinging
|
Batting: RHB Chae-seong Lee
|
0-0: Ball 1-0: Swinging Strike 1-1: Ball 2-1: SINGLE (Groundball, 4D, EV 102.5 MPH)
|
Batting: RHB Marcus Carter
|
0-0: Ball 1-0: Ground out 4-3 (Groundball, 34, EV 103.1 MPH)
|
Top of the 7th over - 0 runs, 1 hit, 0 errors, 1 left on base; Cincinnati (NYP) 1 - Eugene 2 |
BOTTOM OF THE 7TH |
Eugene Emeralds batting - Pitching for Cincinnati (NYP) Reds : RHP Hideki Kobayashi
|
Batting: RHB Ryan Walker
|
0-0: Foul Ball, location: 2F 0-1: Foul Ball, location: 2F 0-2: Ball 1-2: Strikes out swinging
|
Batting: RHB Dylan Burke
|
0-0: Fly out, F8 (Flyball, 8LM, EV 86.3 MPH)
|
Batting: SHB Bob Hamilton
|
0-0: Ball 1-0: Ground out 5-3 (Groundball, 5L, EV 103.8 MPH)
|
Bottom of the 7th over - 0 runs, 0 hits, 0 errors, 0 left on base; Cincinnati (NYP) 1 - Eugene 2 |
TOP OF THE 8TH |
Cincinnati (NYP) Reds batting - Pitching for Eugene Emeralds : LHP Mike Alexander
|
Pitching: LHP Oscar Stolarski
|
|
Batting: RHB Felipe Pineda
|
0-0: Ball 1-0: Ball 2-0: Foul Ball, location: 2F 2-1: Ball 3-1: Foul Ball, location: 2F 3-2: Base on Balls
|
Batting: SHB Bryan Johnston
|
0-0: Foul Ball, location: 2F 0-1: Foul Ball, location: 2F 0-2: Ball 1-2: SINGLE (Groundball, 34D, EV 104.4 MPH) Felipe Pineda to second Runner from 2nd tries for 3rd, SAFE, throw by RF made to third
|
Batting: RHB Steve Anderson
|
0-0: Foul Ball, location: 2F 0-1: Ball 1-1: Ball 2-1: Ball 3-1: Foul Ball, location: 2F 3-2: Foul Ball, location: 2F 3-2: Foul Ball, location: 2F 3-2: Foul Ball, location: 2F 3-2: Base on Balls Bryan Johnston to second
|
Batting: RHB Kagetoki Kawai
|
0-0: Called Strike 0-1: Foul Ball, location: 2F 0-2: Foul Ball, location: 2F 0-2: Strikes out swinging
|
Batting: RHB Bill Hainey
|
0-0: Called Strike 0-1: Ball 1-1: Ball 2-1: Ball 3-1: Grounds into fielders choice 5-2 (Groundball, 5, EV 83.8 MPH) Bryan Johnston to third Steve Anderson to second
|
Batting: RHB Alex Cruz
|
0-0: Ball 1-0: Swinging Strike 1-1: Foul Ball, location: 2F 1-2: Strikes out swinging
|
Top of the 8th over - 0 runs, 1 hit, 0 errors, 3 left on base; Cincinnati (NYP) 1 - Eugene 2 |
BOTTOM OF THE 8TH |
Eugene Emeralds batting - Pitching for Cincinnati (NYP) Reds : RHP Hideki Kobayashi
|
Batting: RHB Frank McArdle
|
0-0: Called Strike 0-1: Called Strike 0-2: Foul Ball, location: 2F 0-2: Strikes out swinging
|
Batting: RHB Ricky Lule
|
0-0: Fly out, F5 (Line Drive, 5, EV 65.6 MPH)
|
Batting: RHB David Barnard
|
0-0: Foul Ball, location: 2F 0-1: Swinging Strike 0-2: Ball 1-2: Strikes out swinging
|
Bottom of the 8th over - 0 runs, 0 hits, 0 errors, 0 left on base; Cincinnati (NYP) 1 - Eugene 2 |
TOP OF THE 9TH |
Cincinnati (NYP) Reds batting - Pitching for Eugene Emeralds : LHP Oscar Stolarski
|
Pitching: RHP Mark Duffy
|
|
Now at 3B: Adam Conover
|
|
Batting: RHB Jon Conklin
|
0-0: Ball 1-0: Called Strike 1-1: Ball 2-1: Ball 3-1: Base on Balls
|
Pinch Hitting: LHB Marty Hafner
|
0-0: Ball 1-0: Swinging Strike 1-1: Ball 2-1: Swinging Strike 2-2: Strikes out looking
|
Batting: RHB Marcus Carter
|
0-0: Ground out U3 (Groundball, 34, EV 87.5 MPH) Jon Conklin to second
|
Batting: RHB Felipe Pineda
|
0-0: Called Strike 0-1: Ball 1-1: Foul Ball, location: 2F 1-2: Ball 2-2: Strikes out looking
|
Top of the 9th over - 0 runs, 0 hits, 0 errors, 1 left on base; Cincinnati (NYP) 1 - Eugene 2 |
|